 Dungeon Crawl Stone Soup version 0.22-a0-467-g5c5de1c (webtiles) character file.

3113 opiumtea the Covert (level 9, -2/49 HPs)
             Began as a Deep Elf Fire Elementalist on June 10, 2018.
             Was a Believer of Vehumet.
             Killed from afar by Psyche (11 damage)
             ... with a puff of flame
             ... on level 8 of the Dungeon.
             The game lasted 00:59:41 (10605 turns).

opiumtea the Covert (Deep Elf Fire Elementalist)   Turns: 10605, Time: 00:59:42

Health: -2/49      AC:  6    Str:  5    XL:     9   Next: 60%
Magic:  4/21       EV: 13    Int: 23    God:    Vehumet [**....]
Gold:   389        SH:  0    Dex: 16    Spells: 0/21 levels left

rFire    . . .     SeeInvis .   a - +1 dagger
rCold    . . .     Gourm    .   (no shield)
rNeg     . . .     Faith    .   w - +0 robe
rPois    .         Spirit   .   (no helmet)
rElec    .         Reflect  .   j - +2 cloak
rCorr    .         Harm     .   k - +0 pair of gloves
MR       .....                  (no boots)
Stlth    ++++......             (no amulet)
HPRegen  0.16/turn              (no ring)
MPRegen  0.17/turn              (no ring)

@: very slightly contaminated
A: no striking features
a: Renounce Religion


You were on level 8 of the Dungeon.
You worshipped Vehumet.
Vehumet was pleased with you.
You were not hungry.

You visited 2 branches of the dungeon, and saw 9 of its levels.

You collected 389 gold pieces.

Inventory:

Hand Weapons
 a - a +1 dagger (weapon)
 i - a +0 short sword
 v - a cursed +4 scimitar
 y - a cursed +1 falchion
Missiles
 g - 310 stones (quivered)
 m - 100 arrows
Armour
 j - a +2 cloak (worn)
 k - a +0 pair of gloves (worn)
 w - a +0 robe (worn)
Wands
 B - a wand of disintegration (7)
 D - a wand of scattershot (6)
 E - a wand of acid (4)
 G - a wand of paralysis (19)
Scrolls
 b - a scroll of identify
 f - 3 scrolls of remove curse
 o - 2 scrolls of immolation
 r - 2 scrolls of magic mapping
 A - a scroll of enchant weapon
Potions
 d - a potion of mutation
 e - a potion of agility
 h - 3 potions of curing
 l - 2 potions of heal wounds
 n - a potion of ambrosia
 p - 2 potions of magic
 q - 2 potions of cancellation
 s - 2 potions of flight {unknown}
 t - 3 potions of lignification {unknown}
 u - 2 potions of resistance {unknown}
 x - a potion of might {unknown}
 H - a potion of invisibility {unknown}
Comestibles
 c - 8 rations


   Skills:
 - Level 2.5 Fighting
 - Level 4.2 Short Blades
 - Level 2.4 Dodging
 - Level 9.0 Stealth
 - Level 6.7 Spellcasting
 + Level 6.6 Conjurations
 - Level 6.8 Hexes
 - Level 6.0 Fire Magic


You couldn't memorise any spells.
You knew the following spells:

 Your Spells              Type           Power        Failure   Level  Hunger
a - Flame Tongue          Conj/Fire      #####        1%          1    None
b - Throw Flame           Conj/Fire      #####.       1%          2    None
c - Conjure Flame         Conj/Fire      #####...     1%          3    None
d - Inner Flame           Hex/Fire       #####...     1%          3    None
e - Sticky Flame          Conj/Fire      #####...     6%          4    ###....
f - Fireball              Conj/Fire      #####.....   17%         5    #####..
g - Sting                 Conj/Pois      ###.         1%          1    None
h - Searing Ray           Conj           #####.       1%          2    None

Your spell library contained the following spells:

 Spells                   Type           Power        Failure   Level  Hunger
 Spider Form              Tmut/Pois      #.........   24%         3    None
 Blade Hands              Tmut           #.........   91%         5    #####..
 Ice Form                 Ice/Tmut       #.......     61%         4    ###....
 Sticks to Snakes         Tmut           #.......     12%         2    None
 Beastly Appendage        Tmut           #.....       8%          1    None


Dungeon Overview and Level Annotations

Branches:
Dungeon (8/15)             Temple (1/1) D:5
   Lair: D:8-11

Altars:
Ashenzari
Cheibriados
Dithmenos
Elyvilon
Fedhas
Gozag
Hepliaklqana
Kikubaaqudgha
Makhleb
Nemelex Xobeh
Okawaru
Qazlal
Ru
Sif Muna
Trog
Uskayaw
Vehumet
Wu Jian
Xom
Yredelemnul
Zin
The Shining One

Shops:
D:4 [   D:5 !!(   D:6 [   D:7 =

Annotations:
D:3 protoss039's ghost, amateur MiFi
D:8 Psyche


Message History

Confirm with . or Enter, or press ? or * to list all spells.
Aiming: Flame Tongue (safe; 1% risk of failure)
Press: ? - help, Shift-Dir - straight line, f/p - Psyche
Aim: Psyche, wielding a dagger of distortion, wearing a robe and carrying a wand of disintegration (8) (moderately wounded)
The flame tongue hits Psyche.
Psyche appears unharmed.
Psyche is moderately wounded.
Psyche zaps a wand.
You are blasted!
The fire vortex hits you. The fire vortex burns you!
* * * LOW HITPOINT WARNING * * *
The fire vortex dissipates!
Really walk into that cloud of flame?
Okay, then.
Psyche begins to cast a cantrip, but forgets the words!
Psyche casts a spell.
Psyche seems to speed up.
Psyche zaps a wand.
You are blasted!
* * * LOW HITPOINT WARNING * * *
Psyche gestures at you while chanting. The puff of flame hits you!
You die...

#.# #.# #.# #.# #@#
#.# #.# #.#
#######@#
##########.......#
#..........########
...........# #....#
...........# #....#
...........###....#
...###..........<.#
...# #............#
...# #.........####


You could see Psyche.

Vanquished Creatures
  Prince Ribbit (D:5)
  The ghost of Karim the Grasshopper, an amateur GnWr of Ru (D:5)
  A hungry ghost (D:7)
  An orc warrior (D:7)
  2 phantoms
  A black bear (D:7)
  An ice beast (D:6)
  7 ogres
  4 bullfrogs
  2 scorpions (D:5)
  5 wights (D:6)
  A howler monkey (D:4)
  2 crimson imps
  A quasit (D:5)
  A hound (D:6)
  A centaur zombie (D:5)
  5 orc priests
  5 orc wizards
  A bullfrog skeleton (D:6)
  3 iguanas
  5 worker ants
  A hound zombie (D:5)
  2 hound skeletons (D:7)
  A howler monkey skeleton (D:7)
  8 gnolls
  9 adders
  An ooze (D:1)
  An adder skeleton (D:4)
  6 worms
  4 dart slugs
  7 leopard geckos
  16 orcs
  2 ball pythons
  7 bats
  7 giant cockroaches
  9 hobgoblins
  3 jackals (D:4)
  2 quokkas
  4 frilled lizards
  5 goblins
  8 kobolds
  A quokka skeleton (D:5)
  4 rats
159 creatures vanquished.

Vanquished Creatures (others)
  A fire vortex (D:8)
1 creature vanquished.

Grand Total: 160 creatures vanquished

Notes
Turn   | Place    | Note
-------+----------+-------------------------------------------
     0 | D:1      | opiumtea the Deep Elf Fire Elementalist began the quest for the Orb.
     0 | D:1      | Reached XP level 1. HP: 10/10 MP: 6/6
   268 | D:1      | Reached XP level 2. HP: 10/15 MP: 7/9
   272 | D:1      | Learned a level 2 spell: Throw Flame
   953 | D:2      | Reached XP level 3. HP: 19/19 MP: 7/11
   996 | D:2      | Reached skill level 5 in Spellcasting
  1001 | D:2      | Learned a level 3 spell: Conjure Flame
  1005 | D:2      | Learned a level 3 spell: Inner Flame
  1166 | D:2      | Reached skill level 1 in Hexes
  1706 | D:2      | Found a stormy altar of Qazlal.
  1712 | D:2      | Noticed a water elemental
  1713 | D:2      | Noticed an air elemental
  1713 | D:2      | Noticed an earth elemental
  1713 | D:2      | Noticed a fire elemental
  1720 | D:2      | Reached XP level 4. HP: 24/24 MP: 11/13
  1729 | D:2      | Learned a level 4 spell: Sticky Flame
  2127 | D:2      | Found a shattered altar of Ashenzari.
  2131 | D:2      | Found a basalt altar of Yredelemnul.
  2131 | D:2      | Found a sacrificial altar of Ru.
  2132 | D:2      | Found a hide-covered altar of Uskayaw.
  2136 | D:2      | Found a white marble altar of Elyvilon.
  2493 | D:3      | Noticed protoss039's ghost (amateur MiFi)
  3311 | D:4      | Reached XP level 5. HP: 19/28 MP: 0/14
  3809 | D:4      | Noticed an ogre
  3820 | D:4      | Killed an ogre
  3820 | D:4      | Reached XP level 6. HP: 32/32 MP: 8/17
  3827 | D:4      | Learned a level 5 spell: Fireball
  3955 | D:4      | Found Ylodwir's Armour Emporium.
  4039 | D:4      | Found a sparkling altar of Nemelex Xobeh.
  4256 | D:4      | Found an ornate altar of the Wu Jian Council.
  4330 | D:4      | Reached skill level 5 in Fire Magic
  4740 | D:4      | Reached XP level 7. HP: 36/36 MP: 11/19
  4872 | D:5      | Entered Level 5 of the Dungeon
  4924 | D:5      | Found Kuese's Antique Weapon Boutique.
  5015 | D:5      | Found Lavy's Distillery.
  5213 | D:5      | Noticed Karim's ghost (amateur GnWr)
  5383 | D:5      | Found Luejarer's Distillery.
  5591 | D:5      | Reached skill level 5 in Conjurations
  5697 | D:5      | Found a staircase to the Ecumenical Temple.
  5697 | D:5      | Noticed Prince Ribbit
  5717 | D:5      | Killed Prince Ribbit
  5717 | D:5      | Reached XP level 8. HP: 37/41 MP: 16/20
  5841 | Temple   | Entered the Ecumenical Temple
  6080 | Temple   | Became a worshipper of Vehumet
  6336 | D:5      | Reached skill level 5 in Hexes
  6622 | D:5      | Killed Karim's ghost
  6947 | D:6      | Reached skill level 1 in Short Blades
  7295 | D:6      | Reached * piety under Vehumet
  7295 | D:6      | Offered knowledge of Sting by Vehumet.
  7460 | D:6      | Learned a level 1 spell: Sting
  7492 | D:6      | Reached skill level 1 in Fighting
  7588 | D:6      | Reached XP level 9. HP: 48/48 MP: 10/21
  7918 | D:6      | Reached skill level 3 in Stealth
  7961 | D:6      | Found Qarukodd's Armour Emporium.
  8915 | D:7      | Reached skill level 4 in Stealth
  9118 | D:7      | Found an ancient bone altar of Kikubaaqudgha.
  9130 | D:7      | Reached skill level 5 in Stealth
  9187 | D:7      | Offered knowledge of Searing Ray by Vehumet.
  9198 | D:7      | Reached ** piety under Vehumet
  9230 | D:7      | Reached skill level 6 in Stealth
  9379 | D:7      | Learned a level 2 spell: Searing Ray
  9476 | D:7      | Reached skill level 7 in Stealth
  9831 | D:7      | Reached skill level 8 in Stealth
 10366 | D:7      | Found Qiomag's Jewellery Boutique.
 10464 | D:8      | Reached skill level 9 in Stealth
 10594 | D:8      | Noticed Psyche
 10605 | D:8      | Killed from afar by Psyche

Vault maps used:
D:1:      eino_arrival_water_star
D:2:      nicolae_qazlal_style_of_elements, minitemple
D:4:      grunt_temple_overflow_open, serial_shops, shop, first_ration
D:5:      temple_hall, serial_shops, shop, shop, shop_fountains,
          uniq_prince_ribbit1
D:6:      serial_shops, kennysheep_little_box
D:7:      nicolae_overflow_crystal_walls, serial_shops, shop
D:8:      uniq_psyche, uniq_erica
Temple:   oiseaux_autumnal_temple

Skill      XL: |  1  2  3  4  5  6  7  8  9 |
---------------+----------------------------+-----
Spellcasting   | 4 5 6 |  6.7
Hexes          | 2 3 6 |  6.8
Conjurations   | 2 3 6 |  6.6
Fire Magic     | 5 6 |  6.0
Short Blades   | 4 |  4.2
Fighting       | 2 |  2.5
Stealth        | 9 |  9.0
Dodging        | |  2.4

Action                   |  1- 3 |  4- 6 |  7- 9 || total
-------------------------+-------+-------+-------++-------
Melee: Dagger            |       |       |    90 ||    90
Throw: Stone             |       |     2 |       ||     2
 Cast: Flame Tongue      |    41 |    80 |   151 ||   272
       Throw Flame       |    32 |    39 |    56 ||   127
       Conjure Flame     |     2 |     7 |    24 ||    33
       Inner Flame       |       |     2 |    11 ||    13
       Sticky Flame      |       |     1 |    12 ||    13
       Fireball          |       |       |     5 ||     5
       Sting             |       |       |    84 ||    84
       Searing Ray       |       |       |    12 ||    12
  Use: Scroll            |     6 |     1 |    14 ||    21
 Stab: Sleeping          |       |       |     2 ||     2
  Eat: Chunk             |     3 |     6 |     5 ||    14
       Ration            |       |     1 |     5 ||     6
Armor: Robe              |     8 |     7 |    52 ||    67
Dodge: Dodged            |    15 |    36 |   127 ||   178

Table legend:
 A = Spawn XP
 B = Non-spawn XP
 C = Spawn XP percentage of total XP
 D = Spawn monster count
 E = Non-spawn monster count
 F = Spawn count percentage of total count
 G = Total turns spent on level
                    A         B        C        D         E        F      G
               +---------+---------+-------+---------+---------+-------+---------
         Total |       0 |    4448 |   0.0 |       0 |     159 |   0.0 | 10605
               +---------+---------+-------+---------+---------+-------+---------
           D:1 |       0 |      37 |   0.0 |       0 |      17 |   0.0 |   978
           D:2 |       0 |      76 |   0.0 |       0 |      27 |   0.0 |  1433
           D:3 |       0 |      56 |   0.0 |       0 |      14 |   0.0 |  1042
           D:4 |       0 |     618 |   0.0 |       0 |      21 |   0.0 |  1724
           D:5 |       0 |    1235 |   0.0 |       0 |      25 |   0.0 |  1448
           D:6 |       0 |    1065 |   0.0 |       0 |      26 |   0.0 |  2285
           D:7 |       0 |    1237 |   0.0 |       0 |      27 |   0.0 |  1281
           D:8 |       0 |     124 |   0.0 |       0 |       2 |   0.0 |   147
               +---------+---------+-------+---------+---------+-------+---------
